 Dungeon Crawl Stone Soup version 0.18.1-8-gdd0e5ea (webtiles) character file.

18 LORDOFBUTT the Ducker (level 2, 0/16 HPs)
             Began as a Spriggan Chaos Knight on May 25, 2016.
             Succumbed to a killer bee's poison
             ... on level 1 of the Dungeon.
             The game lasted 00:01:39 (745 turns).

LORDOFBUTT the Ducker (Spriggan Chaos Knight)        Turns: 745, Time: 00:01:39

Health: 0/16       AC:  4    Str:  8    XL:     2   Next: 48%
Magic:  3/3        EV: 18    Int: 18    God:    Xom [....*.]
Gold:   21         SH:  0    Dex: 15    Spells: 0 memorised, 1 level left

rFire  . . .     SeeInvis +     a - +0 short sword (chaos)
rCold  . . .     Gourm    .     b - +2 robe
rNeg   . . .     Faith    .     (shield restricted)
rPois  .         Spirit   .     (helmet restricted)
rElec  .         Dismiss  .     (no cloak)
rCorr  .         Reflect  .     (gloves unavailable)
SustAt .         Harm     .     (boots unavailable)
MR     .....                    (no amulet)
Stlth  +.........               (no ring)
                                (no ring)

@: brilliant, lethally poisoned (0 -> -3), very quick, not resistant to hostile
enchantments, very unstealthy
A: unfitting armour, see invisible, herbivore 3, speed 3, slow metabolism 2
a: Renounce Religion


You were on level 1 of the Dungeon.
You worshipped Xom.
You were a beloved toy of Xom.
You were not hungry.

You visited 1 branch of the dungeon, and saw 1 of its levels.

You collected 21 gold pieces.

Inventory:

Hand Weapons
 a - a +0 short sword of chaos (weapon)
Armour
 b - a +2 robe (worn)
Jewellery
 i - a +5 ring of strength {unknown}
Scrolls
 d - a scroll of immolation {unknown}
 e - a scroll of fear {unknown}
 h - a scroll of identify {unknown}
Miscellaneous
 g - a phial of floods
Comestibles
 c - 3 bread rations


   Skills:
 + Level 2.8 Fighting
 + Level 3.5 Short Blades
 + Level 3.8 Dodging


You had one spell level left.
You didn't know any spells.

Dungeon Overview and Level Annotations

Branches:
Dungeon (1/15)

Altars:


Innate Abilities, Weirdness & Mutations

You are tiny and cannot use many weapons and most armour.
You have supernaturally acute eyesight.
You are a herbivore.
You cover ground extremely quickly.
You need consume almost no food.


Message History

It was a potion of brilliance.
You feel clever all of a sudden.
Xom thinks this is hilarious!
* * * LOW HITPOINT WARNING * * *
You feel sick.
* * * LOW HITPOINT WARNING * * *
You feel sick.
There is a stone staircase leading down here.
* * * LOW HITPOINT WARNING * * *
You feel sick.
A bat comes into view.
The bat closely misses you. The bat closely misses you.
* * * LOW HITPOINT WARNING * * *
You feel sick. The bat closely misses you. The bat completely misses you.
You barely miss the bat. The bat closely misses you. x2
You hit the bat.
There is a sudden explosion of sparks!
You kill the bat!
You die...
Xom giggles madly!

.# .# #.......# #.
.##.# ######..# ##
....# #..# ##.##
#>.# #.# #..# #.#
#..# ##.## #####
#..#
#...####)..####.a#
..#....)..).....@#
....####..%####..#
..#.# ##### #..#
....## #..#
.....### #.†#
.......# #..####
.....#.#
#......####
..####.#
##.##.....########
..# #.#
#...............#


You could see a worker ant shaped shifter.

Vanquished Creatures
  A dart slug (D:1)
  3 goblins (D:1)
  5 hobgoblins (D:1)
  3 bats (D:1)
  A kobold (D:1)
  2 rats (D:1)
15 creatures vanquished.

Notes
Turn   | Place    | Note
--------------------------------------------------------------
     0 | D:1      | LORDOFBUTT the Spriggan Chaos Knight began the quest for the Orb.
     0 | D:1      | Reached XP level 1. HP: 11/11 MP: 2/2
   157 | D:1      | Reached XP level 2. HP: 7/16 MP: 3/3
   245 | D:1      | XOM: harmless Summ miscast
   275 | D:1      | XOM: harmless Ice miscast
   545 | D:1      | XOM: god gift: phial of floods
   650 | D:1      | Noticed a steam dragon
   650 | D:1      | a hobgoblin changed into a steam dragon
   651 | D:1      | XOM: butterfly on damage
   658 | D:1      | XOM: summons friendly ufetubus
   687 | D:1      | Noticed a wasp
   692 | D:1      | a wasp changed into a worm
   696 | D:1      | Noticed a boggart
   696 | D:1      | a worm changed into a boggart
   703 | D:1      | XOM: fog
   709 | D:1      | Noticed a killer bee
   709 | D:1      | a gnoll changed into a killer bee
   713 | D:1      | a killer bee changed into a worker ant
   745 | D:1      | Succumbed to a killer bee's poison

Action                   || total
-------------------------++-------
Melee: Short sword       ||    42
  Use: Potion            ||     1
 Stab: Sleeping          ||     2
       Paralysed         ||     1
Armor: Robe              ||     6
Dodge: Dodged            ||    25
